 Dungeon Crawl Stone Soup version 0.29.1-1-gd02db6906a (webtiles) character file.

Game seed: 978596077952663278

23 corgi the Shooter (level 3, 22/22 HPs)
             Began as a Kobold Hunter on Oct 14, 2022.
             Was a Follower of the Shining One.
             Quit the game on level 2 of the Dungeon.
             The game lasted 00:01:46 (973 turns).

corgi the Shooter (Kobold Hunter)                    Turns: 973, Time: 00:01:46

Health: 22/22      AC:  3    Str:  8    XL:     3   Next: 12%
Magic:  3/3        EV: 15    Int: 10    God:    the Shining One [*.....]
Gold:   75         SH:  0    Dex: 20    Spells: 2/2 levels left

rFire   . . .      SeeInvis .   h - +0 sling (flame)
rCold   . . .      Faith    .   (no shield)
rNeg    . . .      Spirit   .   c - +0 leather armour
rPois   .          Reflect  .   (no helmet)
rElec   .          Harm     .   (no cloak)
rCorr   .          Rampage  .   (no gloves)
Will    .....                   (no boots)
Stlth   ++........              (no amulet)
HPRegen 0.07/turn               (no ring)
MPRegen 0.08/turn               (no ring)

@: glowing
A: small, no large weapons, nightstalker 3
a: Renounce Religion, Divine Shield


You were on level 2 of the Dungeon.
You worshipped the Shining One.
The Shining One was aware of your devotion.
You visited 1 branch of the dungeon, and saw 2 of its levels.

You collected 75 gold pieces.

Inventory:

Hand Weapons
 a - a +0 shortbow
 h - a +0 sling of flaming (weapon)
Armour
 c - a +0 leather armour (worn)
Scrolls
 b - a scroll of immolation
 e - 3 scrolls of fog {unknown}
 g - a scroll of identify {unknown}
 i - a scroll of summoning {unknown}
 j - a scroll of poison {unknown}
Potions
 d - 2 potions of lignification {unknown}
 f - 3 potions of mutation {unknown}


   Skills:
 + Level 2.5 Fighting
 * Level 5.8 Ranged Weapons
 + Level 2.8 Dodging
 + Level 2.1 Stealth


You had 2 spell levels left.
You didn't know any spells.
Your spell library was empty.

Dungeon Overview and Level Annotations

Branches:
Dungeon (2/15)

Altars:
The Shining One

Annotations:
D:1 1 transporter


Innate Abilities, Weirdness & Mutations

You are small and have problems with some larger weapons.
You are completely attuned to the shadows.


Message History

(D) Dungeon
Where to? (? - help)
What level of the Dungeon? (default 1, ? - help)
You enter the transporter and appear at another place.
You enter the shallow water.
Moving in this stuff is going to be slow.
There is a stone staircase leading down here.
You climb downwards.
Found 8 gold pieces and a scroll labelled NAQICO GO OMIB.
There is a stone staircase leading up here.
Found a sling.
You now have 75 gold pieces (gained 8).
There is a stone staircase leading up here.
j - a scroll labelled NAQICO GO OMIB A frilled lizard comes into view.
A frilled lizard is nearby!
You shoot a sling bullet.
The sling bullet hits the frilled lizard.
The sling bullet burns the frilled lizard.
You kill the frilled lizard!
No target in view!
No target in view!
Found 6 boomerangs.
No target in view!
You see here 6 boomerangs.
d - 2 yellow potions (gained 1)
Found a faded altar of an unknown god.
There is a faded altar of an unknown god here.
You cannot tell which god this altar belongs to.
Convert to them anyway?
Okay, then.
You cannot tell which god this altar belongs to.
Convert to them anyway?
The Shining One accepts your prayer! The Shining One welcomes you!
You and your allies can now gain power from killing the unholy and evil.
You can now call upon the Shining One for a divine shield.
Unknown command.
Press < or > to pray at altars.
Unknown command.
Press < or > to pray at altars.
Are you sure you want to abandon this character and quit the game? (Confirm with "yes".)

#......##
.######.####..#
........# ##..#
.##..######...# #.
#..# ##....# #.##.(#
##...### #.#.#
#.##.####...## #.#.#
#.##.......## #.#.#
#........@8#
##.#.###.##.......#
..........#.####...#
##.#####..#.# ##...#
...# #..#.# #...
#### #..# #..#


There were no monsters in sight!

Vanquished Creatures
  A dart slug (D:1)
  2 ball pythons (D:1)
  2 bats (D:1)
  4 endoplasms (D:1)
  A goblin (D:1)
  3 hobgoblins (D:1)
  2 quokkas (D:1)
  A frilled lizard (D:2)
  3 kobolds (D:1)
19 creatures vanquished.

Notes
Turn   | Place    | Note
-------+----------+-------------------------------------------
     0 | D:1      | corgi the Kobold Hunter began the quest for the Orb.
     0 | D:1      | Reached XP level 1. HP: 12/12 MP: 1/1
     1 | D:1      | Found a transporter.
    67 | D:1      | Reached XP level 2. HP: 18/18 MP: 2/2
   573 | D:1      | Reached XP level 3. HP: 22/22 MP: 3/3
   967 | D:2      | Found a faded altar of an unknown god.
   972 | D:2      | Prayed at the altar of an unknown god.
   972 | D:2      | Became a worshipper of the Shining One
   972 | D:2      | Reached * piety under the Shining One
   973 | D:2      | Quit the game

Illustrated notes

Levels and vault maps discovered:
D:1:      spicycebolla_arrival_transporter_tutorial, layout_basic, serial_glass,
          glass_columns_a, glass_columns_a, minmay_misc_feat_alley,
          grunt_decor_junction, grunt_decor_mini_mirrors,
          minmay_misc_feat_columns, corexii_item_surrounded_by_moat
D:2:      layout_loops_ring, hellmonk_ecumenical_altar_crossroads

Skill      XL: |  1  2 |
---------------+-------+-----
Stealth        | 2 |  2.1
Fighting       | |  2.5
Ranged Weapons | |  5.8
Dodging        | |  2.8

Action                   || total
-------------------------++-------
 Fire: Shortbow          ||    37
       Sling             ||     9
Armor: Leather armour    ||     4
Dodge: Dodged            ||     6
